AoeStats
← theforceofg

Black Forest

509711266Analyzed
3v3 RM · 5d ago on Sep 27, 2026· 83m 52s· 6 players
Game mode
Random Map
Map size
Normal (6 player)
Population
200
Speed
Normal
Resources
Standard
Victory
Conquest
Starting age
Dark Age
Ending age
Imperial Age
RankedLock teamsTeams togetherTeam positionsShared explorationLock speedFull tech treeHidden civsTurbo modeCheats
Victory
Defeat
🇺🇸 Malay · United States
850
+15
🇺🇸 Chinese · United States
820
+17
🇺🇸 Byzantines · United States
802
+17
🇪🇨 Portuguese · Ecuador
866
-17
🇪🇨 Byzantines · Ecuador
836
-17
🇪🇨 Malay · Ecuador
794
-15
noahubert
1:25 Loom
13:46 Feudal Age
17:40 Horse Collar
23:34 Castle Age
22:58 Double-Bit Axe
24:23 Stone Mining
24:23 Gold Mining
25:19 Pikeman
34:28 Imperial Age
32:28 Elite Skirmisher
34:08 Wheelbarrow
34:00 Heavy Plow
36:11 Bow Saw
37:28 Halberdier
38:32 Heavy Camel Rider
40:51 Thumb Ring
40:49 Gambesons
43:26 Squires
43:14 Arson
48:39 Conscription
49:40 Hand Cart
49:57 Crop Rotation
52:36 Caravan
52:49 Forging
52:30 Fletching
52:40 Scale Mail Armor
54:42 Ballistics
55:01 Iron Casting
57:47 Chemistry
56:45 Bodkin Arrow
56:51 Padded Archer Armor
59:15 Bracer
59:30 Leather Archer Armor
59:30 Chain Mail Armor
66:23 Hoardings
74:36 Plate Mail Armor
74:37 Ring Archer Armor
74:12 Scale Barding Armor
81:53 Man-at-Arms
theforceofg
0:28 Loom
14:30 Feudal Age
15:50 Double-Bit Axe
22:06 Castle Age
20:07 Horse Collar
21:40 Gold Mining
23:46 Bow Saw
24:00 Town Watch
24:52 Wheelbarrow
24:24 Stone Mining
29:03 Fortified Wall
30:23 Fletching
33:44 Imperial Age
32:09 Thumb Ring
32:29 Padded Archer Armor
33:28 Hand Cart
33:28 Bodkin Arrow
33:28 Elite Skirmisher
35:03 Ballistics
34:40 Murder Holes
35:39 Bracer
36:16 Conscription
37:28 Two-Man Saw
36:42 Heavy Plow
39:14 Chemistry
38:54 Caravan
39:27 Leather Archer Armor
39:28 Crossbowman
40:44 Squires
41:03 Pikeman
43:14 Forging
43:05 Scale Mail Armor
43:19 Masonry
43:13 Heavy Rocket Cart
43:22 Halberdier
45:24 Iron Casting
45:05 Chain Mail Armor
45:40 Ring Archer Armor
46:51 Arson
48:42 Great Wall
49:44 Rocketry
51:16 Blast Furnace
51:14 Elite Chu Ko Nu
55:06 Plate Mail Armor
55:11 Architecture
54:40 Capped Ram
59:30 Bloodlines
59:20 Husbandry
58:42 Light Cavalry
60:11 Siege Ram
65:08 Elite Fire Lancer
75:21 Scale Barding Armor
midenight6
0:35 Loom
17:00 Feudal Age
25:10 Castle Age
23:54 Wheelbarrow
23:10 Double-Bit Axe
23:12 Horse Collar
23:28 Fishing Lines
28:21 Bow Saw
29:55 Hand Cart
30:31 Ballistics
29:53 Treadmill Crane
32:21 Town Watch
33:21 Caravan
33:43 Forging
37:08 Scale Barding Armor
37:08 Gillnets
37:46 Heavy Plow
37:40 Gold Mining
37:40 Stone Mining
41:17 Imperial Age
41:49 Chemistry
41:06 Squires
40:52 Arson
41:59 Forced Levy
42:22 Conscription
42:42 Elite Battle Elephant
44:50 Elite Karambit Warrior
47:31 Man-at-Arms
47:32 Pikeman
47:43 Onager
48:03 Long Swordsman
48:35 Halberdier
53:08 Two-Handed Swordsman
59:33 Iron Casting
72:22 Bombard Tower
JoDa045
0:32 Loom
16:58 Feudal Age
17:58 Double-Bit Axe
18:59 Horse Collar
25:17 Castle Age
23:26 Stone Mining
23:29 Gold Mining
25:48 Pikeman
28:31 Wheelbarrow
29:17 Heavy Plow
29:42 Bow Saw
37:45 Imperial Age
39:26 Chemistry
38:01 Elite Organ Gun
39:48 Crop Rotation
39:28 Halberdier
40:51 Hand Cart
47:17 Two-Man Saw
46:55 Arquebus
49:36 Conscription
54:13 Ballistics
56:47 Bloodlines
56:37 Husbandry
58:31 Scale Mail Armor
58:41 Forging
57:58 Light Cavalry
57:58 Cavalier
61:00 Onager
64:47 Town Watch
65:55 Caravan
66:40 Chain Mail Armor
66:30 Scale Barding Armor
66:26 Padded Archer Armor
66:16 Fletching
67:00 Town Patrol
andres024500
0:29 Loom
16:01 Feudal Age
16:34 Double-Bit Axe
16:44 Stone Mining
16:47 Gold Mining
22:01 Castle Age
22:05 Wheelbarrow
22:26 Horse Collar
23:06 Heavy Plow
23:44 Gold Shaft Mining
23:27 Bow Saw
25:42 Hand Cart
25:48 Hand Cart
29:49 Treadmill Crane
30:08 Murder Holes
30:52 Stone Shaft Mining
35:14 Imperial Age
33:21 Scale Barding Armor
33:19 Scale Mail Armor
33:30 Forging
34:44 Husbandry
36:04 Chain Barding Armor
36:01 Chain Mail Armor
36:22 Iron Casting
36:03 Caravan
36:37 Squires
36:17 Cavalier
38:20 Paladin
44:56 Pikeman
48:05 Plate Barding Armor
50:58 Elite Varangian Guard
55:46 Elite Cataphract
56:40 Logistica
58:36 Plate Mail Armor
59:01 Halberdier
59:28 Arson
60:09 Padded Archer Armor
60:39 Ballistics
61:26 Chemistry
59:57 Elite Skirmisher
63:32 Thumb Ring
64:48 Leather Archer Armor
64:23 Fletching
66:34 Bombard Tower
66:00 Arrowslits
69:41 Two-Man Saw
72:54 Ring Archer Armor
pocho060
0:37 Loom
15:52 Feudal Age
15:27 Double-Bit Axe
21:13 Castle Age
19:49 Horse Collar
20:45 Fletching
20:56 Padded Archer Armor
21:29 Gold Mining
21:56 Heavy Plow
22:34 Bow Saw
24:06 Elite Skirmisher
25:04 Town Watch
26:42 Squires
28:43 Ballistics
30:08 Forging
32:21 Wheelbarrow
35:41 Thumb Ring
39:05 Imperial Age
39:47 Conscription
41:10 Chemistry
39:54 Treadmill Crane
40:06 Heated Shot
40:13 Bodkin Arrow
40:34 Leather Archer Armor
40:27 Pikeman
45:47 Bracer
46:19 Ring Archer Armor
50:05 Crossbowman
50:54 Arbalester
52:31 Halberdier
52:58 Arson
54:15 Iron Casting
55:06 Forced Levy
56:11 Man-at-Arms
56:54 Long Swordsman
58:23 Two-Handed Swordsman
Connection lost

Rejoining the realm…

Still unreachable

The connection could not be restored.

Session expired

The server has moved on; the page needs a fresh start.